Unix NetHack Version 5.0.0-0 post-release - last build May 17 2026 04:57:42 (dc50c8380fa5e20985bfe3072449f57b8d9895ef,branch:main).

Game began 2026-05-20 03:50:11, ended 2026-05-20 04:39:11.

ArrBianca, lawful female dwarven Archeologist

                                                                ---.
                        --.|                                   |.....
                        |..|-----                          -----......
                     |.|-..--.|.----..     .|.            --....^.....
                    --.|..............    .....       .......-....(...
                   |.....----.........   .........   ........%.......-  ----
                   |.-...|  ---..........................--...--....-  --..--
                  --...|.|    |-................................-..-----....--
                  |....|.     |....>........|...(.........0..................|
                  |.----      |............---..............----..--------.^.|
                  |.|         --.....----.----......-----...-  --.|      |-..--
                  |.|          |-....|  --- |.......-   --...|   .       |..<.|
                --|.|          |.....|      --.......    ...-            -...--
               |..|a--         |.....----    |.. ...     -.--             ...-
               |..a..|         ----.....--                                 ..
               --..@.|            |......|
                ....--             ---...|
                 ----                --..|
                                      ----
ArrBianca the Investigator  St:11 Dx:12 Co:17 In:16 Wi:12 Ch:10  Lawful
Dlvl:10 $:0  HP:0(67) Pw:15(15) AC:10 Xp:7 T:5902 

Latest messages:
 You drop an uncursed blindfold.
 You drop a tin of orc-captain meat.
 You drop an oil lamp (lit).
 You drop 2 uncursed lichen corpses.
 You drop a blessed scroll of light.
 You drop an uncursed scroll of create monster.
 You drop a scroll of genocide.
 You drop a wand of sleep.
 You drop a tin of tengu meat.
 You drop a wand of light.
 You drop a tin of pony meat.
 You drop a scroll of enchant weapon.
 You drop a scroll of amnesia.
 You drop 9 crude arrows.
 You drop a wand of digging.
 You drop a pair of walking shoes.
 You drop a tin of orc shaman meat.
 You drop a key.
 You drop a magic marker.
 It bites!
 It stings!
 It bites!
 It just misses!
 It bites!
 It stings!
 You return to dwarven form!
 You can see again.
 What do you want to wield? [- or ?*] ?
 What do you want to wield? [- or ?*] <space>
 Never mind.
 You begin bashing monsters with your bare hands.
 You hit the soldier ant.
 The soldier ant bites!
 The soldier ant stings!
 You miss the soldier ant.
 The soldier ant bites!
 The soldier ant stings!
 You miss the soldier ant.
 The soldier ant bites!
 The soldier ant stings!
 The soldier ant bites!
 The soldier ant stings!
 Not carrying anything.
 The soldier ant bites!
 The soldier ant stings!
 The soldier ant's sting was poisoned!
 You hear the wailing of the Banshee...
 You die...
 Do you want to see your attributes? [ynq] (y) y
 Do you want an account of creatures vanquished? [ynaq] (y) q

Inventory:
Not carrying anything.
ArrBianca the Archeologist's attributes:

Background:
 You were an Investigator, a level 7 female dwarven Archeologist.
 You were lawful, on a mission for Quetzalcoatl
 who was opposed by Camaxtli (neutral) and Huhetotl (chaotic).
 You were right-handed.
 You were in the Gnomish Mines, on level 10.
 You entered the dungeon 5902 turns ago.
 It was nighttime.
 You had 1016 experience points, 264 more were needed to attain level 8.

Basics:
 You had 0 out of 67 hit points.
 You had all 15 energy points (spell power).
 Your armor class was 10.
 Your wallet was empty.
 Autopickup was on for '$?!/="+%' plus thrown, with exceptions.

Final Characteristics:
 Your strength was 11 (limit:18/100).
 Your dexterity was 12 (limit:20).
 Your constitution was 17 (limit:20).
 Your intelligence was 16 (limit:16).
 Your wisdom was 12 (limit:16).
 Your charisma was 10 (limit:16).

Final Status:
 You weren't hungry.
 You were unencumbered.
 You were bare handed.
 You were unskilled in bare handed combat.
 You weren't wearing any armor.

Final Attributes:
 You were piously aligned.
 You had automatic searching.
 You had infravision.
 You were stealthy.
 You were fast.
 You are dead.

Miscellaneous:
 You didn't encounter any bones levels.
 Total elapsed playing time was 48 minutes and 59 seconds.

Major events:
 Turn
    1: ArrBianca the lawful female dwarven Archeologist entered the dungeon
 1322: attained the rank of Field Worker (level 3)
 2289: consulted the Oracle
 2881: entered Sokoban
 3225: attained the rank of Investigator (level 6)
 4368: entered the Gnomish Mines
 4578: reached Mine Town
 5902: killed by a soldier ant

Spells:
 Name                 Level Category     Fail Retention
 healing                1   healing        0%  76%-100%

Skills:
 Fighting Skills
   bare handed combat [Unskilled]
   two weapon combat  [Unskilled]
   riding             [Unskilled]
 Weapon Skills
   dagger             [Unskilled]
   knife              [Unskilled]
   pick-axe           [Basic]
   short sword        [Unskilled]
   saber              [Unskilled]
   club               [Unskilled]
   quarterstaff       [Unskilled]
   sling              [Unskilled]
   dart               [Unskilled]
   boomerang          [Unskilled]
   whip               [Expert]
   unicorn horn       [Unskilled]
 Spellcasting Skills
   attack spells      [Unskilled]
   healing spells     [Unskilled]
   divination spells  [Unskilled]
   matter spells      [Unskilled]

Voluntary challenges:
 Character rerolling was not enabled.
 You never genocided any monsters.
 You never polymorphed an object.
 You used no wishes.
 You did not violate any of the special Sokoban rules.
Achievements:
 You attained the rank of Field Worker.
 You consulted the Oracle of Delphi.
 You entered Sokoban.
 You attained the rank of Investigator.
 You entered a shop.
 You entered the Gnomish Mines.
 You entered Minetown.

 The Dungeons of Doom: levels 1 to 9
    Level 1:
       A grave.
    Level 2:
       A general store, many fountains.
    Level 3:
       A fountain.
    Level 4:
       A fountain.
       Stairs down to The Gnomish Mines.
    Level 5:
    Level 6:
    Level 7:
       Some altars, a sink, a grave.
    Level 8:
       Many fountains.
       Oracle of Delphi.
    Level 9:
       Some fountains.
       Stairs up to Sokoban, level 8.
 The Gnomish Mines: levels 5 to 10
    Level 5:
    Level 6:
    Level 7:
    Level 8:
    Level 9:
    Level 10: <- You were here.
       Final resting place for
          you, killed by a soldier ant.
 Sokoban:
    Level 8:
       Unsolved.


Vanquished creatures:
  a tengu
  a wolf
 an orc-captain
  a giant spider
  a lizard
  a dingo
  2 imps
  a Mordor orc
 an orc shaman
  a rock mole
  2 ponies
  2 fog clouds
  a yellow light
  a kobold mummy
  2 straw golems
  7 giant ants
  a little dog
  a floating eye
  a kitten
  a kobold leader
  a kobold shaman
 12 hill orcs
  a rothe
  a rabid rat
  2 dwarf zombies
  2 iguanas
  3 acid blobs
  a gas spore
  6 manes
  2 large kobolds
  a hobgoblin
  4 orcs
  7 giant rats
  3 cave spiders
  2 brown molds
  4 gnomes
  4 garter snakes
  a gnome zombie
  2 geckos
  6 jackals
  a fox
  2 kobolds
  4 goblins
  a sewer rat
  8 grid bugs
  3 bats
  6 lichens
  3 newts
123 creatures vanquished.

No species were genocided or became extinct.

Game over:
                       ----------
                      /          \
                     /    REST    \
                    /      IN      \
                   /     PEACE      \
                  /                  \
                  |    ArrBianca     |
                  |       0 Au       |
                  |   killed by a    |
                  |   soldier ant    |
                  |                  |
                  |                  |
                  |       2026       |
                 *|     *  *  *      | *
        _________)/\\_//(\/(/\)/\//\/|_)_______

Goodbye ArrBianca the Archeologist...

You died in The Gnomish Mines on dungeon level 10 with 4555 points,
and 0 pieces of gold, after 5902 moves.
You were level 7 with a maximum of 67 hit points when you died.

